 Dungeon Crawl Stone Soup version 0.18.1-5-g4a78601 (webtiles) character file.

14 M4edhros the Grave Robber (level 2, -1/17 HPs)
             Began as an Octopode Necromancer on May 11, 2016.
             Slain by a goblin
             ... wielding a +0 club
              (4 damage)
             ... on level 1 of the Dungeon.
             The game lasted 00:01:18 (238 turns).

M4edhros the Grave Robber (Octopode Necromancer)     Turns: 238, Time: 00:01:18

Health: -1/17      AC:  1    Str:  7    XL:     2   Next: 45%
Magic:  4/5        EV: 13    Int: 17    God:
Gold:   35         SH:  0    Dex: 12    Spells: 1 memorised, 4 levels left

rFire  . . .     SeeInvis .       - Unarmed
rCold  . . .     Gourm    .     (no shield)
rNeg   . . .     Faith    .     (helmet restricted)
rPois  .         Spirit   .     (no amulet)
rElec  .         Dismiss  .     c - +1 ring of evasion
rCorr  .         Reflect  .     (no ring)
SustAt .         Harm     .     (no ring)
MR     .....                    (no ring)
Stlth  +++.......               (no ring)
                                (no ring)
                                (no ring)
                                (no ring)

@: not resistant to hostile enchantments, fairly stealthy
A: almost no armour, amphibious, 8 rings, constrict 8, camouflage 1, gelatinous
body 1
a: no special abilities


You were on level 1 of the Dungeon.
You were not hungry.

You visited 1 branch of the dungeon, and saw 2 of its levels.

You collected 35 gold pieces.

Inventory:

Jewellery
 c - a +1 ring of evasion (left tentacle)
Scrolls
 d - 2 scrolls of identify {unknown}
 e - a scroll of enchant weapon {unknown}
Potions
 g - a potion of might {unknown}
Books
 a - a book of Necromancy

   Spells                             Type                      Level
   a - Pain                           Necromancy                   1
   b - Animate Skeleton               Necromancy                   1
   c - Vampiric Draining              Necromancy                   3
   d - Regeneration                   Charms/Necromancy            3
   e - Animate Dead                   Necromancy                   4
   f - Control Undead                 Necromancy                   4
Comestibles
 b - a bread ration
 f - 3 beef jerkies
 h - a meat ration


   Skills:
 - Level 2.0 Dodging
 - Level 2.6 Stealth
 + Level 2.0 Unarmed Combat
 - Level 2.0 Spellcasting
 - Level 4.0 Necromancy


You had 4 spell levels left.
You knew the following spells:

 Your Spells              Type           Power        Failure   Level  Hunger
a - Pain                  Necr           ###.         3%          1    #......


Dungeon Overview and Level Annotations

Branches:
Dungeon (2/15)

Altars:


Innate Abilities, Weirdness & Mutations

You cannot wear most types of armour.
You are amphibious.
You can wear up to eight rings at the same time.
You can use your tentacles to constrict eight enemies at once.
Your skin changes colour to match your surroundings (Stealth).
Your rubbery body absorbs attacks (AC +1).


Message History

Okay, then.
Casting: Pain
Confirm with . or Enter, or press ? or * to list all spells.
Aiming: Pain
Press: ? - help, Shift-Dir - straight line, f - rat
Aim: a rat (chance to defeat MR: 92%)
The rat convulses in agony!
You kill the rat!
Found a ruby potion.
Found a stone staircase leading down.
d - 2 scrolls labeled YGURUSHR YPIA (gained 1)
There are no items here.
Found a meat ration.
g - a ruby potion
h - a meat ration
Found a ring mail.
A goblin comes into view. It is wielding a club.
The goblin shouts!
A giant cockroach comes into view.
The goblin hits you with a club.
You die...

'##......
#.#...##...
.'....(.. #....##.#
.#....(.. +..>....#
.##.#+### ###...#.#
.# .# #########
#...#.# .# #
........
.........#.# .#
#...#############.#
##
+.................#
#.@[###############
#..g+ .......#.#
#...###........
.......#....... #
#..........$... .#
#............. #.#
#..s......... ...#
#.........#.#....##
.......>K......


You could see a giant cockroach (wandering) and a goblin.

Vanquished Creatures
  A dart slug (D:2)
  A giant cockroach (D:1)
  A goblin (D:1)
  2 hobgoblins
  2 bats
  A kobold (D:1)
  6 rats
14 creatures vanquished.

Notes
Turn   | Place    | Note
--------------------------------------------------------------
     0 | D:1      | M4edhros the Octopode Necromancer began the quest for the Orb.
     0 | D:1      | Reached XP level 1. HP: 11/11 MP: 3/3
    50 | D:1      | Reached skill level 1 in Unarmed Combat
    95 | D:2      | Reached XP level 2. HP: 5/17 MP: 0/5
   238 | D:1      | Slain by a goblin

Skill      XL: |  1  2 |
---------------+-------+-----
Unarmed Combat | 1 2 |  2.0
Dodging        | |  2.0
Stealth        | |  2.6
Spellcasting   | |  2.0
Necromancy     | |  4.0

Action                   || total
-------------------------++-------
Melee: Unarmed           ||     9
       Constrict         ||     2
 Cast: Pain              ||    16
Armor: Skin              ||     3
Dodge: Dodged            ||     4
